 Dungeon Crawl Stone Soup version 0.22.0-32-gbc6daba (webtiles) character file.

247 iamserjio the Ruffian (level 5, -10/50 HPs)
             Began as a Troll Fighter on Aug 23, 2018.
             Splashed by Ijyb's acid (11 damage)
             ... on level 4 of the Dungeon.
             The game lasted 00:03:37 (560 turns).

iamserjio the Ruffian (Troll Fighter)                Turns: 560, Time: 00:03:38

Health: -10/50     AC:  5    Str: 29    XL:     5   Next: 85%
Magic:  4/4        EV:  8    Int:  5    God:
Gold:   63         SH:  9    Dex:  9    Spells: 4/4 levels left

rFire    . . .     SeeInvis .     - Unarmed
rCold    . . .     Gourm    +   b - +0 shield
rNeg     . . .     Faith    .   a - +0 robe
rPois    .         Spirit   .   (helmet restricted)
rElec    .         Reflect  .   (no cloak)
rCorr    .         Harm     .   (gloves unavailable)
MR       .....                  (boots unavailable)
Stlth    +.........             (no amulet)
HPRegen  0.56/turn              (no ring)
MPRegen  0.09/turn              (no ring)

@: mighty, corroded
A: large, unfitting armour, claws 3, icy blue scales 1, slimy green scales 1,
fast metabolism 3, gourmand, regeneration 1, shaggy fur 1, tough skin 2
a: no special abilities


You were on level 4 of the Dungeon.
You were not hungry.

You visited 1 branch of the dungeon, and saw 4 of its levels.

You collected 63 gold pieces.

Inventory:

Armour
 a - a +0 robe (worn)
 b - a +0 shield (worn)
Scrolls
 f - a scroll of fear {unknown}
 g - 2 scrolls of remove curse {unknown}
 i - a scroll of amnesia {unknown}
Comestibles
 d - 3 rations


   Skills:
 - Level 2.4 Fighting
 - Level 2.4 Dodging
 - Level 3.1 Shields
 * Level 5.7 Unarmed Combat


You had 4 spell levels left.
You didn't know any spells.
Your spell library was empty.

Dungeon Overview and Level Annotations

Branches:
Dungeon (4/15)
 Temple: D:4-7

Altars:
Xom

Annotations:
D:4 Ijyb


Innate Abilities, Weirdness & Mutations

You are too large for most types of armour.
You have claws for hands.
Your metabolism is lightning-fast.
You like to eat raw meat.
Your natural rate of healing is unusually fast.
You are covered in fur. (AC +1)
You have very tough skin. (AC +2)
You are partially covered in icy blue scales. (AC +2)
You are partially covered in slimy green scales. (AC +2)


Message History

The goblin hits you but does no damage.
Sorry, you're not good enough to have a special ability.
Unknown command.
You feel very mighty all of a sudden. Ijyb closely misses you.
You block Ijyb's attack. The goblin hits you but does no damage.
You mangle Ijyb!!
Ijyb is almost dead.
Ijyb zaps a wand.
The bolt of acid hits you! The acid corrodes you!
You are splashed with acid!
The acid burns!
* * * LOW HITPOINT WARNING * * *
It is a wand of acid (5).
The goblin hits you but does no damage.
You closely miss Ijyb.
Ijyb is almost dead.
Ijyb zaps a wand.
The bolt of acid hits you!
Ouch! That really hurt!
* * * LOW HITPOINT WARNING * * *
You are splashed with acid!
The acid burns!
You die...

8.8.8.8........
...............
...............
...............
...............
...............
8.8.8.8gg......
#########@#
.........)#
..........#
..........#
..........########
##+#####+#.......#
#...#.....#
+...#.....#
#...#.....#


You could see Ijyb and a goblin.

Vanquished Creatures
  2 crimson imps (D:3)
  An orc priest (D:3)
  2 orc wizards (D:3)
  An iguana (D:3)
  An ooze (D:2)
  2 worms (D:3)
  A dart slug (D:1)
  2 leopard geckos (D:3)
  10 orcs (D:3)
  A bat (D:3)
  2 giant cockroaches
  8 goblins
  4 hobgoblins
  2 jackals (D:3)
  A ball python (D:3)
  A jackal zombie (D:3)
  3 kobolds
  A rat (D:3)
45 creatures vanquished.

Notes
Turn   | Place    | Note
-------+----------+-------------------------------------------
     0 | D:1      | iamserjio the Troll Fighter began the quest for the Orb.
     0 | D:1      | Reached XP level 1. HP: 22/22 MP: 0/0
    51 | D:2      | Reached XP level 2. HP: 27/29 MP: 1/1
   222 | D:3      | Reached skill level 3 in Unarmed Combat
   222 | D:3      | Reached XP level 3. HP: 31/36 MP: 2/2
   241 | D:3      | Reached XP level 4. HP: 44/44 MP: 3/3
   265 | D:3      | Reached skill level 4 in Unarmed Combat
   378 | D:3      | Reached XP level 5. HP: 13/50 MP: 4/4
   380 | D:3      | Gained mutation: You are partially covered in slimy green scales. (AC +2) [potion of mutation]
   380 | D:3      | Gained mutation: You are partially covered in icy blue scales. (AC +2) [potion of mutation]
   406 | D:3      | Reached skill level 5 in Unarmed Combat
   447 | D:3      | Found a shimmering altar of Xom.
   538 | D:4      | Noticed Ijyb
   560 | D:4      | HP: 1/50 [Ijyb/wand of acid (5) (28)]
   560 | D:4      | Splashed by Ijyb's acid

Skill      XL: |  1  2  3  4  5 |
---------------+----------------+-----
Unarmed Combat | 3 4 5 |  5.7
Shields        | 3 |  3.1
Fighting       | |  2.4
Dodging        | |  2.4

Action                   |  1- 3 |  4- 6 || total
-------------------------+-------+-------++-------
Melee: Unarmed           |    50 |    89 ||   139
  Use: Potion            |       |     3 ||     3
  Eat: Ration            |       |     1 ||     1
Armor: Robe              |    14 |    21 ||    35
Dodge: Dodged            |    18 |    25 ||    43
Block: Shield            |    14 |    43 ||    57
